 Dungeon Crawl Stone Soup version 0.32-a0-616-g9348d4545b (webtiles) character file.

Game seed: 10739002247910701690

72 jasper the Ruffian (level 4, -1/32 HPs)
             Began as a Demonspawn Shapeshifter on Mar 5, 2024.
             Was an Initiate of Fedhas.
             Slain by an iguana (11 damage)
             ... on level 4 of the Dungeon.
             The game lasted 00:03:58 (2501 turns).

jasper the Ruffian (Demonspawn Shapeshifter)        Turns: 2501, Time: 00:03:58

Health: -1/32      AC:  5    Str: 16    XL:     4   Next: 6%
Magic:  4/4        EV: 11    Int: 10    God:    Fedhas [......]
Gold:   94         SH:  0    Dex: 13    Spells: 3/3 levels left

rFire   . .          .
                       - Unarmed
rCold   . . .        (no shield)
rNeg    . . .        j - +0 ring mail
rPois   .            (helmet currently unavailable)
rElec   .            (cloak currently unavailable)
rCorr   .            (gloves currently unavailable)
SInv    .            (boots currently unavailable)
Will    .....        n - amulet of the acrobat
Stlth   +            (no ring)
HPRegen 0.25/turn    (no ring)
MPRegen 0.18/turn

%: acrobat
@: beast-form
A: beast (slay +1), foul stench 1, magic regeneration
a: Begin Untransformation, Renounce Religion


You were on level 4 of the Dungeon.
You worshipped Fedhas.
Fedhas was noncommittal.
You were a hulking beast.
You visited 1 branch of the dungeon, and saw 4 of its levels.

You collected 94 gold pieces.

Inventory:

Missiles
 l - 15 stones
 o - 10 poisoned darts
 v - 3 boomerangs (quivered)
Armour
 a - a +0 animal skin
 i - a +0 pair of boots
 j - a +0 ring mail (worn)
 m - a +0 chain mail
Jewellery
 n - an amulet of the acrobat (around neck)
Talismans
 c - a beast talisman (active)
 d - a flux talisman
 u - a maw talisman
Scrolls
 f - 5 scrolls of amnesia
 h - a scroll of enchant armour {unknown}
Potions
 b - a potion of lignification
 e - 3 potions of curing
 g - a potion of magic {unknown}
 k - 2 potions of invisibility {unknown}
 p - 2 potions of resistance {unknown}
 r - a potion of berserk rage {unknown}
 s - a potion of cancellation {unknown}
 x - 2 potions of heal wounds {unknown}


   Skills:
 - Level 1.5 Fighting
 - Level 1.7 Dodging
 + Level 4.3 Unarmed Combat
 - Level 2.6 Shapeshifting


You had 3 spell levels left.
You didn't know any spells.
Your spell library was empty.

Dungeon Overview and Level Annotations

Branches:
Dungeon (4/15)
 Temple: D:4-7

Altars:
Fedhas
Uskayaw

Shops:
D:3 [


Innate Abilities, Weirdness & Mutations

You are a hulking beast.
Your limbs bulge with bestial killing power. (Slay +1)
You may rarely emit foul miasma when damaged in melee.
You regenerate magic rapidly.


Message History

You hit the endoplasm but do no damage.
The endoplasm is engulfed in dark miasma.
The endoplasm is poisoned.
You kill the endoplasm!
Fedhas accepts your kill.
A hobgoblin comes into view.
Health restored: 32 A hobgoblin is nearby!
The hobgoblin hits you but does no damage.
You hit the hobgoblin.
The hobgoblin is lightly wounded.
The hobgoblin closely misses you.
You punch the hobgoblin!
You kill the hobgoblin!
Fedhas appreciates your contribution to the ecosystem.
Found a stone staircase leading down.
You see here a hobgoblin corpse.
x - 2 lumpy yellow potions (gained 1)
An iguana comes into view.
The iguana hisses angrily.
An iguana is nearby!
You hit the iguana.
The iguana is lightly wounded.
You hit the iguana.
The iguana is moderately wounded.
The iguana bites you!
You take 9 damage, and have 23/32 hp.
MASSIVE DAMAGE!!
You hit the iguana but do no damage.
The iguana is moderately wounded.
The iguana bites you!
You take 10 damage, and have 13/32 hp.
MASSIVE DAMAGE!!
You closely miss the iguana.
The iguana is moderately wounded.
The iguana bites you.
You take 3 damage, and have 10/32 hp.
You barely miss the iguana.
The iguana is moderately wounded.
The iguana bites you!
You die...
Fedhas appreciates your contribution to the ecosystem.

##########
......lh.#
########.#
#.# #.#
#.# ##.##
##...##
##.....##
#.......#


You could see an iguana.

Vanquished Creatures
  A dart slug (D:3)
  2 ribbon worms (D:2)
  An orc (D:3)
  6 bats
  9 endoplasms
  3 giant cockroaches
  4 goblins
  7 hobgoblins
  2 jackals (D:1)
  3 kobolds (D:1)
  4 quokkas
  5 ball pythons
  3 frilled lizards
  3 rats
53 creatures vanquished.

Notes
Turn   | Place    | Note
-------+----------+-------------------------------------------
     0 | D:1      | jasper the Demonspawn Shapeshifter began the quest for the
                  | Orb.
     0 | D:1      | Reached XP level 1. HP: 15/15 MP: 1/1
   200 | D:1      | Reached skill level 3 in Unarmed Combat
   289 | D:1      | Gained mutation: You regenerate magic rapidly. [demonic
                  | ancestry]
   289 | D:1      | Reached XP level 2. HP: 21/21 MP: 2/2
  1057 | D:2      | Gained mutation: You may rarely emit foul miasma when
                  | damaged in melee. [demonic ancestry]
  1057 | D:2      | Reached XP level 3. HP: 20/26 MP: 3/3
  1358 | D:2      | Found a blossoming altar of Fedhas.
  1470 | D:2      | Reached skill level 4 in Unarmed Combat
  1587 | D:2      | Became a worshipper of Fedhas Madash
  1748 | D:3      | Found a hide-covered altar of Uskayaw.
  2010 | D:3      | Found Pojil's Antique Armour Emporium.
  2099 | D:3      | Found a faded altar of an unknown god.
  2296 | D:4      | Reached XP level 4. HP: 32/32 MP: 4/4
  2501 | D:4      | Slain by an iguana

Illustrated notes

Levels and vault maps discovered:
D:1:      ncdulo_smallfort, layout_basic, hangedman_decor_clover_reticule
D:2:      layout_basic, basic_altar
D:3:      layout_loops_ring, mainiacjoe_overflow_brackets, serial_shops,
          nicolae_shop_behind_doors, hellmonk_ecumenical_altar_leap_of_faith
D:4:      layout_loops_corners, uniq_crazy_yiuf_cottage

Skill      XL: |  1  2  3 |
---------------+----------+-----
Unarmed Combat | 3 4 |  4.3
Fighting       | |  1.5
Dodging        | |  1.7
Shapeshifting  | |  2.6

Action                     |  1- 3 |  4- 6 || total
---------------------------+-------+-------++-------
  Melee: Unarmed           |   160 |    11 ||   171
         Punch             |     6 |     1 ||     7
  Throw: Stone             |     5 |       ||     5
         Boomerang         |     2 |       ||     2
    Use: Scroll            |     7 |       ||     7
 Armour: Animal skin       |     7 |       ||     7
         Ring mail         |    72 |     6 ||    78
  Dodge: Dodged            |   101 |     4 ||   105

Table legend: (Time is in decaauts)
 A = Elapsed time spent in this place.
 B = Non-inter-level travel time spent in this place.
 C = Inter-level travel time spent in this place.
 D = Time resting spent in this place.
 E = Time spent auto-exploring this place.
 F = Levels seen in this place.
 G = Mean time per level.
                   A        B        C        D        E       F      G
               +--------+--------+--------+--------+--------+-----+--------+
         Total |   2489 |   2366 |    123 |      0 |   1859 |   4 |  622.2 |
       Dungeon |   2489 |   2366 |    123 |      0 |   1859 |   4 |  622.2 |
               +--------+--------+--------+--------+--------+-----+--------+

Top non-repeatable levels by time:
     D:1: 1018 daAuts
     D:2: 648 daAuts
     D:3: 584 daAuts
     D:4: 237 daAuts
